 Dungeon Crawl Stone Soup version 0.29.1-2-gbd0b4ee654 (webtiles) character file.

Game seed: 10706042339595603544

42 bullfish the Slasher (level 3, -1/29 HPs)
             Began as a Draconian Gladiator on Nov 14, 2022.
             Succumbed to an adder's poison
             ... on level 1 of the Dungeon.
             The game lasted 00:06:39 (1331 turns).

bullfish the Slasher (Draconian Gladiator)          Turns: 1331, Time: 00:06:40

Health: -1/29      AC:  5    Str: 16    XL:     3   Next: 33%
Magic:  3/3        EV: 12    Int:  8    God:
Gold:   79         SH:  0    Dex: 14    Spells: 2/2 levels left

rFire   . . .      SeeInvis .   a - +0 long sword
rCold   . . .      Faith    .   (no shield)
rNeg    . . .      Spirit   .   (body armour unavailable)
rPois   .          Reflect  .   b - +0 hat
rElec   .          Harm     .   (no cloak)
rCorr   .          Rampage  .   (no gloves)
Will    .....                   (no boots)
Stlth   +.........              (no amulet)
HPRegen 0.09/turn               (no ring)
MPRegen 0.08/turn               (no ring)

@: lethally poisoned (-1 -> -9), hasted, very quick
A: AC +5, unfitting armour, cold-blooded
a: no special abilities


You were on level 1 of the Dungeon.
You visited 1 branch of the dungeon, and saw 2 of its levels.

You collected 79 gold pieces.

Inventory:

Hand Weapons
 a - a +0 long sword (weapon)
 g - a +1 hand axe of venom
 n - a +0 sling
Missiles
 c - 2 throwing nets
 d - a javelin
 e - 14 stones
 j - 3 poisoned darts
 k - 4 boomerangs (quivered)
Armour
 b - a +0 hat (worn)
 l - a +0 kite shield
Jewellery
 m - an amulet of magic regeneration
Potions
 h - a potion of degeneration {unknown}


   Skills:
 - Level 2.1 Fighting
 + Level 4.4 Long Blades
 - Level 1.7 Throwing
 - Level 2.6 Dodging


You had 2 spell levels left.
You didn't know any spells.
Your spell library was empty.

Dungeon Overview and Level Annotations

Branches:
Dungeon (2/15)

Altars:


Innate Abilities, Weirdness & Mutations

Your plain brown scales are hard. (AC +5)
You cannot fit into any form of body armour.
You are cold-blooded and may be slowed by cold attacks.


Message History

The adder bites you.
You are poisoned.
The adder poisons you!
There is a stone staircase leading up here.
You feel sick. The adder misses you. The black bear bites you.
The black bear claws you but does no damage. x2
You climb upwards.
You feel sick.
There is a stone staircase leading down here.
As you read the scroll labelled HIUROPAS OCVUTT, it crumbles to dust.
You feel momentarily disoriented.
It was a scroll of magic mapping.
You feel sick. The adder bites you.
You are more poisoned.
The adder poisons you! The black bear completely misses you.
The black bear closely misses you. The black bear barely misses you.
The adder bites you.
* * * LOW HITPOINT WARNING * * *
It was a potion of haste.
You feel yourself speed up.
You feel sick. The adder closely misses you.
The black bear bites you but does no damage.
The black bear claws you but does no damage. x2
You barely miss the adder.
You feel sick. The adder closely misses you.
You hit the adder.
The adder is moderately wounded.
You feel sick.
The black bear bites you but does no damage.
The black bear claws you.
* * * LOW HITPOINT WARNING * * *
The black bear barely misses you. The adder bites you.
* * * LOW HITPOINT WARNING * * *
You closely miss the adder.
Your tail-slap misses the adder.
The adder is lightly wounded.
The black bear closely misses you. x2
The black bear claws you but does no damage.
The adder bites you.
* * * LOW HITPOINT WARNING * * *
You are more poisoned.
The adder poisons you!
You closely miss the adder. You tail-slap the adder.
The adder is moderately wounded.
You die...

......##.##..†...'...##.......#.#
.......#.##..)...############.#.#
......##.##......##### #.....#
......'..##..........# #######
......#####..........# ......#
###........# ......# #........#
#############....h...#
...............S@....#
######...............#
#####...............#
#..)÷..)............#
##.###...............# ##.#
#...............# ...#
##..............# .###
#......######### .# #......#


You could see a black bear and an adder.

Vanquished Creatures
  A gnoll (D:1)
  2 ball pythons (D:1)
  3 endoplasms (D:1)
  A giant cockroach (D:1)
  4 goblins
  3 hobgoblins (D:1)
  6 kobolds (D:1)
  3 quokkas (D:1)
  2 bats (D:1)
  A frilled lizard (D:1)
  2 rats (D:1)
28 creatures vanquished.

Notes
Turn   | Place    | Note
-------+----------+-------------------------------------------
     0 | D:1      | bullfish the Draconian Gladiator began the quest for the
                  | Orb.
     0 | D:1      | Reached XP level 1. HP: 17/17 MP: 1/1
    52 | D:1      | Reached XP level 2. HP: 8/24 MP: 2/2
   343 | D:1      | Reached skill level 4 in Long Blades
   969 | D:1      | Reached XP level 3. HP: 23/29 MP: 3/3
  1078 | D:1      | Found a faded altar of an unknown god.
  1316 | D:2      | Noticed a black bear
  1330 | D:1      | HP: 1/29 [adder (1)]
  1331 | D:1      | Succumbed to an adder's poison

Illustrated notes

Levels and vault maps discovered:
D:1:      wander_arrival_peaceful_grave, layout_basic,
          ebering_ecumenical_altar_rust, minmay_circled_x
D:2:      layout_loops_ring, minmay_tromino_v7

Skill      XL: |  1  2 |
---------------+-------+-----
Long Blades    | 4 |  4.4
Fighting       | |  2.1
Throwing       | |  1.7
Dodging        | |  2.6

Action                   || total
-------------------------++-------
Melee: Long sword        ||    73
       Tailslap          ||     7
       Punch             ||     2
Throw: Stone             ||    18
       Boomerang         ||     5
       Throwing net      ||     1
  Use: Scroll            ||     1
       Potion            ||     1
Armor: Skin              ||    35
Dodge: Dodged            ||    51
